 Dungeon Crawl Stone Soup version 0.18-a0-1792-g362e38b (webtiles) character file.

247 Captinkiss the Sneak (level 6, -9/32 HPs)
             Began as a Vine Stalker Assassin on Apr 22, 2016.
             Mangled by a gnoll
             ... wielding a +0 flail
              (12 damage)
             ... on level 3 of the Dungeon.
             The game lasted 00:49:11 (2236 turns).

Captinkiss the Sneak (Vine Stalker Assassin)        Turns: 2236, Time: 00:49:11

Health: -9/32      AC:  4    Str: 14      XL:     6   Next: 11%
Magic:  0/7        EV: 13    Int: 13      God:
Gold:   118        SH:  0    Dex: 16 (17) Spells: 0 memorised, 5 levels left

rFire  . . .     SeeInvis .     P - +1 scythe (flame)
rCold  . . .     Gourm    .     F - +0 leather armour
rNeg   . . .     Faith    .     (shield currently unavailable)
rPois  +         Spirit   +     (no helmet)
rElec  .         Dismiss  .     d - +0 cloak
rCorr  .         Reflect  .     (no gloves)
SustAt .         Harm     +     (no boots)
MR     .....                    J - amulet of harm
Stlth  ++++......               r - ring of poison resistance
                                y - ring of stealth

@: not resistant to hostile enchantments, stealthy
A: fangs 2, clever 1, deterioration 1, regeneration 2, magic shield, antimagic
bite, no device heal 3, rot immunity
a: no special abilities


You were on level 3 of the Dungeon.
You were not hungry.

You visited 1 branch of the dungeon, and saw 3 of its levels.

You collected 118 gold pieces.

Inventory:

Hand Weapons
 a - a +2 dagger
 b - a +0 blowgun
 j - a +0 club
 m - a +0 whip
 n - a +0 club
 p - a +0 club
 t - a +0 dagger
 v - a +0 dagger
 B - a +0 club
 G - a +0 hand axe
 I - a +0 dagger
 N - a +0 dagger
 O - a +0 short sword
 P - a +1 scythe of flaming (weapon)
 R - a +0 spear
 S - a +0 dagger
 T - a cursed +0 club
 U - a +0 hunting sling
 W - a +0 flail
 X - a cursed -1 dagger
 Z - a +0 club
Missiles
 e - 8 poisoned needles (quivered)
 f - 2 curare-tipped needles
 q - 136 stones
 x - 29 bolts
 A - 49 arrows
 E - 13 sling bullets
Armour
 c - a +0 robe
 d - a +0 cloak (worn)
 C - a +0 leather armour
 F - a +0 leather armour (worn)
 H - a +0 robe
 M - a +0 ring mail
 Q - a +0 robe
Jewellery
 r - a ring of poison resistance (right hand)
 y - a ring of stealth (left hand)
 J - an amulet of harm (around neck)
 V - an uncursed amulet of regeneration {unknown}
Scrolls
 k - a scroll of amnesia {unknown}
 l - 5 scrolls of remove curse {unknown}
 o - 2 scrolls of identify {2, unknown}
 D - a scroll of teleportation {unknown}
 L - a scroll of random uselessness {unknown}
 Y - 2 scrolls of immolation {unknown}
Potions
 h - a potion of cancellation {unknown}
 i - 2 potions of haste {unknown}
 s - a potion of brilliance {unknown}
 u - 2 potions of heal wounds {unknown}
 K - 3 potions of curing {unknown}
Comestibles
 g - 3 bread rations
 w - a meat ration
 z - 2 beef jerkies


   Skills:
 + Level 2.5 Fighting
 + Level 2.0 Short Blades
 + Level 2.0 Throwing
 + Level 1.1 Armour
 + Level 3.4 Dodging
 + Level 5.9 Stealth


You had 5 spell levels left.
You didn't know any spells.

Dungeon Overview and Level Annotations

Branches:
Dungeon (3/15)

Altars:
The Shining One


Innate Abilities, Weirdness & Mutations

You have extremely sharp teeth.
You heal very quickly.
When hurt, damage is shared between your health and your magic reserves.
Your bite disrupts and absorbs the magic of your enemies.
Potions and wands cannot restore your health.
You are immune to rotting.
Your mind is acute. (Int +2)
Your body sometimes deteriorates upon taking damage.


Message History

* * * LOW HITPOINT WARNING * * *
The jackal barely misses you. The jackal closely misses you.
The gnoll hits you with a flail.
* * * LOW HITPOINT WARNING * * *
The jackal misses you. x2; The gnoll misses you.
You closely miss the jackal.
The jackal is heavily wounded.
The jackal closely misses you.
The jackal bites you but does no damage.
The jackal barely misses you. x2; The gnoll barely misses you.
The jackal barely misses you. x2
You slash the jackal! You burn the jackal.
You kill the jackal!
The jackal bites you. The gnoll hits you with a flail.
* * * LOW HITPOINT WARNING * * *
The jackal closely misses you. The gnoll hits you with a flail.
* * * LOW HITPOINT WARNING * * *
The jackal barely misses you. The gnoll hits you with a flail!
You die...

#..# #..# #..# #h.#####
###### ###.....<# . . ..#
#.....##.# #. #.#.#
#.###.##.######
..##.#.######.#
#.........รท
........h@...###.##.###.##
##..#.#.g###........# #.#
#.##..#.#.g#####.######
... .......)......##.#
#...# #.##.##.#..##.##.#
#...# # #.#..# ##.# #...#
....... ..# #...#
.....###. ### .# ....#.#
.. ..


You could see a gnoll, a jackal and a goblin.

Vanquished Creatures
  Sigmund (D:3)
  2 adders
  2 gnolls
  2 dart slugs (D:1)
  A giant gecko (D:2)
  3 giant cockroaches
  7 goblins
  A hobgoblin (D:2)
  7 jackals
  2 kobolds
  3 bats (D:1)
  3 giant newts
  5 rats
39 creatures vanquished.

Notes
Turn   | Place    | Note
--------------------------------------------------------------
     0 | D:1      | Captinkiss the Vine Stalker Assassin began the quest for the Orb.
     0 | D:1      | Reached XP level 1. HP: 11/11 MP: 2/2
   122 | D:1      | Reached skill level 5 in Stealth
   269 | D:1      | Reached skill level 1 in Dodging
   379 | D:1      | Reached XP level 2. HP: 15/15 MP: 3/3
   878 | D:2      | Reached XP level 3. HP: 18/18 MP: 4/4
  1298 | D:2      | Found a glowing golden altar of the Shining One.
  1406 | D:2      | Gained mutation: Your body sometimes deteriorates upon taking damage. [potion of mutation]
  1406 | D:2      | Gained mutation: Your mind is acute. (Int +2) [potion of mutation]
  1727 | D:3      | Noticed Sigmund
  1736 | D:3      | Killed Sigmund
  1736 | D:3      | Reached XP level 4. HP: 19/23 MP: 3/5
  1736 | D:3      | Reached XP level 5. HP: 23/27 MP: 3/6
  1850 | D:2      | Gained mutation: You heal very quickly. [Vine Stalker growth]
  1850 | D:2      | Reached XP level 6. HP: 7/32 MP: 7/7
  2080 | D:3      | Reached skill level 1 in Armour
  2236 | D:3      | Mangled by a gnoll

Vault maps used:
D:1:      evilmike_arrival_hilbert_curve, minmay_statues_item,
          minmay_misc_feat_iff, st_stairs_1, kennysheep_another_room
D:2:      tso_metal_star, first_bread
D:3:      uniq_robin, uniq_natasha, uniq_sigmund

Skill      XL: |  1  2  3  4  5  6 |
---------------+-------------------+-----
Stealth        | 5 |  5.9
Dodging        | 1 3 |  3.4
Throwing       | 2 |  2.0
Fighting       | 2 |  2.5
Short Blades   | 2 |  2.0
Armour         | 1 |  1.1

Action                   |  1- 3 |  4- 6 || total
-------------------------+-------+-------++-------
Melee: Dagger            |    68 |       ||    68
       Bite              |    23 |    10 ||    33
       Short sword       |     8 |       ||     8
       Club              |       |    17 ||    17
       Scythe            |       |    11 ||    11
  Use: Potion            |     1 |       ||     1
 Stab: Sleeping          |     4 |       ||     4
  Eat: Bread ration      |     1 |       ||     1
Armor: Robe              |    53 |       ||    53
       Ring mail         |     1 |     6 ||     7
       Leather armour    |       |     4 ||     4
Dodge: Dodged            |   110 |    46 ||   156
